 Dungeon Sprint DCSS version 0.21.1-1-g345015f (webtiles) character file.

326524 wojtek the Skullcrusher (level 19, -5/186 HPs)
             Began as a Minotaur Berserker on July 20, 2018.
             Was an Elder of Trog.
             Killed from afar by an ancient lich (100 damage)
             ... with a bolt of cold
             ... in the Dungeon (Sprint IX: "|||||||||||||||||||||||||||||").
             The game lasted 00:45:07 (11777 turns).

wojtek the Skullcrusher (Minotaur Berserker)       Turns: 11777, Time: 00:45:10

Health: -5/186     AC: 32    Str: 32    XL:     19   Next: 40%
Magic:  31/31      EV: 24    Int:  2    God:    Trog [****..]
Gold:   1797       SH: 28    Dex: 11    Spells: 31/34 levels left

rFire    + + +     SeeInvis .   b - +5 demon whip
rCold    x x .     Gourm    .   Q - +0 large shield
rNeg     + . .     Faith    .   R - +3 fire dragon scales
rPois    .         Spirit   .   (helmet restricted)
rElec    .         Reflect  .   B - +2 cloak
rCorr    .         Harm     .   q - +0 pair of gloves
MR       +....     NoTele   +   y - +0 pair of boots
Stlth    +++++.....             Z - amulet of regeneration
HPRegen  0.81/turn              F - ring of fire
MPRegen  0.22/turn              w - ring "Kecevop" {rN+ AC+3 Str+3}

@: berserk cooldown, slowed, very slow
A: retaliatory headbutt, horns 2, deterioration 1, dopey 1, frail 1, low mp 1
}: 5/15 runes: decaying, serpentine, barnacled, silver, gossamer
a: Berserk, Trog's Hand, Brothers in Arms, Burn Spellbooks, Renounce Religion


You were in the Dungeon.
You worshipped Trog.
Trog was greatly pleased with you.
You were not hungry.

You visited 1 branch You collected 1927 gold pieces.
You spent 130 gold pieces at shops.

Inventory:

Hand Weapons
 a - the +5 great mace of Responsibility {freeze, Fragile +Blink rN+++ Stlth-}
   (You found it in the Dungeon)

   It has been specially enchanted to freeze those struck by it, causing extra
   injury to most foes and up to half again as much damage against particularly
   susceptible opponents.
   It can also slow down cold-blooded creatures.
   It renders you almost immune to negative energy.
   It lets you blink.
   It will be destroyed if unequipped.
   It makes you less stealthy.
 b - a +5 demon whip (weapon)
 x - the +1 eveningstar "Jiupatt" {antimagic, +Fly rN+ SInv}
   (Trog gifted it to you in the Dungeon)

   It reduces the magical energy of the wielder, and disrupts the spells and
   magical abilities of those hit.
   Natural abilities and divine invocations are not affected.
   It protects you from negative energy.
   It lets you see invisible.
   It lets you fly.
 A - a +4 great mace of protection
 D - the +11 great mace "Nuthrask" {crush, MR+ Str+6}
   (Trog gifted it to you in the Dungeon)

   It inflicts extra damage upon your enemies.
   It affects your strength (+6).
   It affects your resistance to hostile enchantments.
 J - a +1 demon whip of draining
 K - the +3 mace of Fimbulwinter {crush, rF+}
   (Trog gifted it to you in the Dungeon)

   It inflicts extra damage upon your enemies.
   It protects you from fire.
 S - the +0 morningstar "Xydethroref" {freeze, rElec}
   (Trog gifted it to you in the Dungeon)

   It has been specially enchanted to freeze those struck by it, causing extra
   injury to most foes and up to half again as much damage against particularly
   susceptible opponents.
   It can also slow down cold-blooded creatures.
   It insulates you from electricity.
Missiles
 k - 4 javelins of returning (quivered)
 p - 8 silver javelins
 U - 15 javelins of penetration
Armour
 c - a +3 plate armour of magic resistance
 j - a +2 plate armour of cold resistance
 q - a +0 pair of gloves (worn)
 y - a +0 pair of boots (worn)
 B - a +2 cloak (worn)
 Q - a +0 large shield (worn)
 R - +3 fire dragon scales (worn)
 Y - a +6 plate armour
Jewellery
 o - a +6 ring of dexterity
 w - the ring "Kecevop" (right hand) {rN+ AC+3 Str+3}
   (You found it in the Dungeon)

   [ring of protection]

   It affects your AC (+3).
   It affects your strength (+3).
   It protects you from negative energy.
 z - an uncursed ring of protection from cold
 F - a ring of fire (left hand)
 G - an uncursed ring of see invisible
 H - an uncursed ring of ice
 I - an uncursed ring of protection from magic
 V - the amulet "Weceom" {MR+ Regen+ Str+10 Int-3 Stlth+}
   (You found it in the Dungeon)

   [amulet of regeneration]

   It affects your strength (+10).
   It affects your intelligence (-3).
   It affects your resistance to hostile enchantments.
   It increases your rate of regeneration.
   It makes you more stealthy.
 X - a +2 ring of slaying
 Z - an amulet of regeneration (around neck)
Wands
 n - a wand of iceblast (11)
 u - a wand of random effects (26)
Scrolls
 i - 6 scrolls of blinking
 m - 4 scrolls of remove curse
 v - 10 scrolls of fear
 L - 4 scrolls of enchant weapon
 M - 4 scrolls of identify
 N - 3 scrolls of fog
 O - 4 scrolls of enchant armour
Potions
 d - 10 potions of curing
 e - 11 potions of heal wounds
 f - 8 potions of haste
 g - 5 potions of magic
 h - 2 potions of berserk rage
 l - a potion of invisibility
 s - 6 potions of mutation
 t - a potion of might
 C - 3 potions of agility
Comestibles
 r - 2 chunks of flesh
 E - 6 rations


   Skills:
 O Level 27 Fighting
 O Level 27 Maces & Flails
 O Level 27 Armour
 O Level 27 Dodging
 + Level 16.7 Stealth
 O Level 27 Shields
 - Level 8.1 Spellcasting
 - Level 9.8 Charms
 - Level 10.6 Necromancy
 O Level 27 Evocations


You had 31 spell levels left.
You knew the following spells:

 Your Spells              Type           Power        Failure   Level  Hunger
a - Regeneration          Chrm/Necr      #.........   1%          3    ####...


Dungeon Overview and Level Annotations

Branches:
Dungeon (1/1)

Altars:
Cheibriados
Dithmenos
Elyvilon
Fedhas
Gozag
Hepliaklqana
Kikubaaqudgha
Makhleb
Nemelex Xobeh
Okawaru
Qazlal
Ru
Sif Muna
Trog
Uskayaw
Vehumet
Wu Jian
Xom
Yredelemnul
Zin
The Shining One
Beogh
Jiyva
Lugonu

Shops:
D (}[=

Annotations:
D 1 exclusion


Innate Abilities, Weirdness & Mutations

You reflexively headbutt those who attack you in melee.
You have a pair of horns on your head.
Your body sometimes deteriorates upon taking damage.
You are dopey. (Int -2)
You are frail. (-10% HP)
Your magical capacity is low. (-10% MP)


Message History

You feel as though you will be slow longer.
You hear some strange, mumbled words.
A bolt of cold appears from out of thin air!
The bolt of cold misses you. Something touches you.
Something touches you but does no damage.
You whack something! You headbutt something.
Something touches you but does no damage.
You miss something.
The golden dragon rages.
Unknown command.
Unknown command.
Eat one of 3 chunks of flesh? (ye/n/q)
You eat one of the 3 chunks of flesh.
This raw flesh tastes terrible.
Something touches you but does no damage.
You hear some strange, mumbled words.
A bolt of cold appears from out of thin air!
The bolt of cold hits you!
You feel a terrible chill!
Ouch! That really hurt!
You die...

▓▓▓▓▓▓▓▓▓▓▓▓▓▓▓▓▓▓▓▓▓▓▓▓▓▓▓
+.....yD*.@...)))'.))')....
▓▓▓▓▓▓▓▓▓▓▓▓▓▓▓▓▓▓▓▓▓▓▓▓▓▓▓▓▓▓▓▓▓
.................................
▓▓▓▓▓▓▓▓▓▓▓▓▓▓▓▓▓▓▓▓▓▓▓▓▓▓▓▓▓▓▓▓▓
)[[)........)'))).)))))......))[)
▓▓▓▓▓▓▓▓▓▓▓▓▓▓▓▓▓▓▓▓▓▓▓▓▓▓▓▓▓▓▓▓▓
.................................
▓▓▓▓▓▓▓▓▓▓▓▓▓▓▓▓▓▓▓▓▓▓▓▓▓▓▓▓▓▓▓▓▓
....................[[.[[[[...)..


You could see an orb of fire, a golden dragon (berserk) and a moth of wrath.

Vanquished Creatures
  Mennas (D)
  3 ancient liches (D)
  4 orbs of fire (D)
  Saint Roka (D)
  Margery (D)
  2 golden dragons (D)
  2 electric golems (D)
  2 tentacled monstrosities (D)
  14 Orb Guardians (D)
  A titan (D)
  A lich (D)
  4 death cobs (D)
  Agnes (D)
  4 storm dragons (D)
  7 shadow dragons (D)
  2 thorn hunters (D)
  A tengu reaver (D)
  A draconian monk (D)
  4 ghost moths (D)
  A draconian knight (D)
  4 nagarajas (D)
  5 vault wardens (D)
  7 emperor scorpions (D)
  2 draconian scorchers (D)
  Louise (D)
  2 fire giants (D)
  A frost giant (D)
  4 draconian stormcallers (D)
  2 draconian shifters (D)
  A very ugly thing (D)
  An ironheart preserver (D)
  5 stone giants (D)
  2 green draconians (D)
  3 black draconians (D)
  Nessos (D)
  5 red draconians (D)
  Azrael (D)
  5 purple draconians (D)
  A white draconian (D)
  4 yellow draconians (D)
  A spark wasp (D)
  A merfolk javelineer (D)
  3 ettins (D)
  A yaktaur captain (D)
  6 merfolk impalers (D)
  3 fire dragons (D)
  9 hydras (D)
  4 great orbs of eyes (D)
  A hydra (shapeshifter) (D)
  25 vault guards (D)
  2 ice dragons (D)
  A naga warrior (D)
  2 catoblepae (D)
  A centaur warrior (D)
  2 merfolk aquamancers (D)
  A vampire mage (D)
  An alligator snapping turtle (D)
  An alligator (D)
  3 deep troll shamans (D)
  2 ogre magi (D)
  5 death yaks (D)
  Urug (D)
  A deep elf knight (D)
  3 hell knights (D)
  A glowing orange brain (D)
  A sea snake (D)
  6 swamp dragons (D)
  2 ironbrand convokers (D)
  4 orc knights (D)
  3 deep elf archers (D)
  A necromancer (D)
  A wolf spider (D)
  A mana viper (D)
  A cyclops (D)
  2 deep elf magi (D)
  3 ugly things (D)
  7 moths of wrath (D)
  3 orc sorcerers (D)
  A merfolk siren (D)
  4 black mambas (D)
  3 guardian serpents (D)
  4 naga magi (D)
  A vault sentinel (D)
  A torpor snail (D)
  2 water nymphs (D)
  A spiny frog (D)
  2 freezing wraiths (D)
  An efreet (D)
  2 demonic crawlers (D)
  2 jumping spiders (D)
  2 trolls (D)
  A polar bear (D)
  3 tengu conjurers (D)
  2 merfolk (D)
  2 tyrant leeches (D)
  A hippogriff (D)
  3 bog bodies (D)
  3 slime creatures (D)
  A hippogriff (shapeshifter) (D)
  4 yaks (D)
  4 redbacks (D)
  A wyvern (D)
  A basilisk (D)
  2 fire elementals (D)
  Eustachio (D)
  A vampire mosquito (D)
  A naga (D)
  2 water moccasins (D)
  3 hell hounds (D)
  3 acid dragons (D)
  A swamp drake (D)
  2 ice beasts (D)
  11 orc warriors (D)
  A necrophage (D)
  An ogre (D)
  A crocodile (D)
  2 centaurs (D)
  7 bullfrogs (D)
  A howler monkey (D)
  A crimson imp (D)
  A quasit (D)
  14 orc wizards (D)
  2 orc priests (D)
  A jelly (D)
  A hound (D)
  2 adder skeletons (D)
  A leopard gecko (D)
  11 orcs (D)
  2 bats (D)
  A bat skeleton (D)
  A kobold (D)
  A bat simulacrum (D)
  A frilled lizard (shapeshifter) (D)
  A frilled lizard (D)
  A giant cockroach simulacrum (D)
364 creatures vanquished.

Vanquished Creatures (collateral kills)
  Frederick (D)
  2 nagarajas (D)
  Ilsuiw (D)
  A shadow dragon (D)
  A vault warden (D)
  3 ironheart preservers (D)
  2 entropy weavers (D)
  A vampire knight (D)
  2 merfolk javelineers (D)
  2 merfolk impalers (D)
  A spriggan air mage (D)
  2 tarantellas (D)
  A naga (D)
20 creatures vanquished.

Vanquished Creatures (others)
  A draconian knight (D)
  A red draconian (D)
  A guardian serpent (D)
  A naga (D)
4 creatures vanquished.

Grand Total: 388 creatures vanquished

Notes
Turn   | Place    | Note
-------+----------+-------------------------------------------
     0 | D        | wojtek the Minotaur Berserker began the quest for the Orb.
     0 | D        | Reached XP level 1. HP: 19/19 MP: 0/0
    13 | D        | Reached ** piety under Trog
   186 | D        | Noticed a centaur
   186 | D        | Noticed a jelly
   186 | D        | Noticed a hound
   186 | D        | Noticed an ice beast
   186 | D        | Noticed a necrophage
   191 | D        | Killed a necrophage
   191 | D        | Reached skill level 5 in Fighting
   191 | D        | Reached skill level 5 in Armour
   191 | D        | Reached XP level 2. HP: 30/30 MP: 1/1
   191 | D        | Reached XP level 3. HP: 37/37 MP: 2/2
   191 | D        | Reached XP level 4. HP: 44/44 MP: 3/3
   194 | D        | Killed an ice beast
   194 | D        | Reached *** piety under Trog
   194 | D        | Reached skill level 5 in Dodging
   194 | D        | Reached XP level 5. HP: 52/52 MP: 4/4
   195 | D        | Received a gift from Trog
   199 | D        | Killed a centaur
   199 | D        | Reached skill level 10 in Maces & Flails
   199 | D        | Reached XP level 6. HP: 61/61 MP: 5/5
   302 | D        | Found a roughly hewn altar of Beogh.
   302 | D        | Found a snail-covered altar of Cheibriados.
   302 | D        | Found a shadowy altar of Dithmenos.
   302 | D        | Found a white marble altar of Elyvilon.
   302 | D        | Found a blossoming altar of Fedhas.
   302 | D        | Found an opulent altar of Gozag.
   303 | D        | Found a hazy altar of Hepliaklqana.
   304 | D        | Found a viscous altar of Jiyva.
   305 | D        | Found an ancient bone altar of Kikubaaqudgha.
   306 | D        | Found a corrupted altar of Lugonu.
   307 | D        | Found a burning altar of Makhleb.
   308 | D        | Found a sparkling altar of Nemelex Xobeh.
   309 | D        | Found an iron altar of Okawaru.
   310 | D        | Found a stormy altar of Qazlal.
   311 | D        | Found a sacrificial altar of Ru.
   312 | D        | Found a deep blue altar of Sif Muna.
   313 | D        | Found a bloodstained altar of Trog.
   314 | D        | Found a hide-covered altar of Uskayaw.
   315 | D        | Found a radiant altar of Vehumet.
   316 | D        | Found an ornate altar of the Wu Jian Council.
   317 | D        | Found a shimmering altar of Xom.
   318 | D        | Found a basalt altar of Yredelemnul.
   319 | D        | Found a glowing silver altar of Zin.
   320 | D        | Found a glowing golden altar of the Shining One.
   369 | D        | Noticed a hippogriff
   369 | D        | Noticed an ice beast
   377 | D        | Killed an ice beast
   377 | D        | Reached **** piety under Trog
   380 | D        | Reached XP level 7. HP: 69/69 MP: 6/6
   385 | D        | Killed a hippogriff
   395 | D        | Reached ***** piety under Trog
   489 | D        | Noticed a troll
   489 | D        | Noticed a white ugly thing
   496 | D        | Killed a white ugly thing
   496 | D        | Reached skill level 10 in Fighting
   496 | D        | Reached skill level 10 in Armour
   496 | D        | Reached XP level 8. HP: 80/80 MP: 7/7
   506 | D        | Killed a troll
   506 | D        | Received a gift from Trog
   658 | D        | Noticed a spiny frog
   658 | D        | Noticed a black mamba
   665 | D        | Reached skill level 10 in Dodging
   685 | D        | Killed a black mamba
   685 | D        | Reached skill level 15 in Maces & Flails
   685 | D        | Reached XP level 9. HP: 89/89 MP: 8/8
   689 | D        | Killed a spiny frog
   694 | D        | Received a gift from Trog
   700 | D        | Reached ****** piety under Trog
   870 | D        | Noticed an eight-headed hydra
   870 | D        | Noticed a torpor snail
   870 | D        | Noticed a polar bear
   870 | D        | Noticed a four-headed hydra
   870 | D        | Noticed an eight-headed hydra
   871 | D        | Received a gift from Trog
   876 | D        | Killed an eight-headed hydra
   879 | D        | Killed a four-headed hydra
   879 | D        | Reached XP level 10. HP: 101/101 MP: 9/9
   884 | D        | Killed a torpor snail
   888 | D        | Killed an eight-headed hydra
   890 | D        | Received a gift from Trog
  1017 | D        | Noticed a death yak
  1017 | D        | Noticed a death yak
  1017 | D        | Noticed a death yak
  1017 | D        | Noticed a catoblepas
  1023 | D        | Noticed a death yak
  1026 | D        | Noticed a death yak
  1030 | D        | Killed a catoblepas
  1040 | D        | Killed a death yak
  1042 | D        | Killed a death yak
  1046 | D        | Killed a death yak
  1046 | D        | Reached XP level 11. HP: 111/111 MP: 10/10
  1049 | D        | Killed a death yak
  1049 | D        | Received a gift from Trog
  1053 | D        | Killed a death yak
  1068 | D        | Got an ichor-stained great mace {god gift}
  1069 | D        | Identified the +11 great mace "Nuthrask" {crush, MR+ Str+6} (Trog gifted it to you in the Dungeon)
  1271 | D        | Noticed an orc knight
  1279 | D        | Received a gift from Trog
  1285 | D        | Killed an orc knight
  1285 | D        | Reached skill level 15 in Fighting
  1296 | D        | Received a gift from Trog
  1357 | D        | Noticed an orc knight
  1366 | D        | Killed an orc knight
  1366 | D        | Reached skill level 15 in Armour
  1384 | D        | Received a gift from Trog
  1534 | D        | Found Ceibe's Jewellery Boutique.
  1534 | D        | Noticed an orc sorcerer
  1537 | D        | Killed an orc sorcerer
  1538 | D        | Found Mosegicon's Antique Armour Shop.
  1541 | D        | Received a gift from Trog
  1544 | D        | Found Foas's Gadget Boutique.
  1549 | D        | Received a gift from Trog
  1552 | D        | Found Wyte's Antique Weapon Shop.
  1555 | D        | Noticed an orc sorcerer
  1556 | D        | Noticed a soul eater
  1565 | D        | Paralysed by an orc sorcerer for 2 turns
  1572 | D        | Killed an orc sorcerer
  1572 | D        | Received a gift from Trog
  1790 | D        | Bought a shield for 130 gold pieces
  1873 | D        | Noticed Eustachio
  1877 | D        | Killed Eustachio
  1877 | D        | Received a gift from Trog
  1986 | D        | Noticed a catoblepas
  2002 | D        | Killed a catoblepas
  2003 | D        | Noticed a deep troll shaman
  2022 | D        | Noticed a white ugly thing
  2027 | D        | Noticed an ice dragon
  2028 | D        | Noticed a brown ugly thing
  2030 | D        | Noticed a vampire knight
  2039 | D        | Killed a vampire knight
  2039 | D        | Received a gift from Trog
  2039 | D        | Reached XP level 12. HP: 47/122 MP: 11/11
  2040 | D        | Got an encrusted broad axe {god gift}
  2048 | D        | Killed a deep troll shaman
  2050 | D        | Reached skill level 15 in Dodging
  2055 | D        | Killed an ice dragon
  2065 | D        | Received a gift from Trog
  2105 | D        | Noticed an ettin
  2111 | D        | Killed an ettin
  2318 | D        | Noticed Nessos
  2335 | D        | Killed Nessos
  2361 | D        | HP: 6/124 [poisoned by Nessos]
  2366 | D        | HP: 5/124 [poisoned by Nessos]
  2371 | D        | HP: 4/124 [poisoned by Nessos]
  2378 | D        | HP: 4/124 [poisoned by Nessos]
  2386 | D        | HP: 5/124 [poisoned by Nessos]
  3188 | D        | Noticed Azrael
  3195 | D        | Killed Azrael
  3195 | D        | Received a gift from Trog
  3207 | D        | Got a steaming eveningstar {god gift}
  3208 | D        | Identified the +3 eveningstar of Inconvenience {chaos, Int+6} (Trog gifted it to you in the Dungeon)
  3479 | D        | Noticed Urug
  3490 | D        | Killed Urug
  3561 | D        | Noticed a thorn hunter
  3561 | D        | Noticed an alligator
  3565 | D        | Killed an alligator
  3568 | D        | Killed a thorn hunter
  3568 | D        | Received a gift from Trog
  3571 | D        | Noticed a thorn hunter
  3584 | D        | Killed a thorn hunter
  3686 | D        | Received a gift from Trog
  3886 | D        | Noticed an entropy weaver
  3903 | D        | Killed an entropy weaver
  3904 | D        | Killed a ghost moth
  3904 | D        | Received a gift from Trog
  3904 | D        | Reached XP level 13. HP: 115/134 MP: 0/12
  4073 | D        | Received a gift from Trog
  4098 | D        | Noticed a nagaraja
  4114 | D        | Killed a nagaraja
  4116 | D        | Received a gift from Trog
  4125 | D        | Received a gift from Trog
  4401 | D        | Noticed a merfolk impaler
  4403 | D        | Noticed a merfolk impaler
  4409 | D        | Killed a merfolk impaler
  4435 | D        | Killed a merfolk impaler
  4435 | D        | Received a gift from Trog
  4796 | D        | Noticed a fire dragon
  4796 | D        | Noticed an ettin
  4808 | D        | Received a gift from Trog
  4811 | D        | Noticed an ettin
  4813 | D        | Killed an ettin
  4815 | D        | Killed a fire dragon
  4827 | D        | Killed an ettin
  4830 | D        | Noticed a stone giant
  4831 | D        | Received a gift from Trog
  4837 | D        | Killed a stone giant
  4839 | D        | Noticed a stone giant
  4841 | D        | Reached XP level 14. HP: 68/147 MP: 13/13
  5258 | D        | Killed a stone giant
  5258 | D        | Received a gift from Trog
  5363 | D        | Noticed a vault warden
  5363 | D        | Noticed a vault warden
  5363 | D        | Noticed a vault warden
  5373 | D        | Killed a vault warden
  5373 | D        | Received a gift from Trog
  5377 | D        | Killed a vault warden
  5383 | D        | Killed a vault warden
  5384 | D        | Noticed a vault warden
  5386 | D        | Received a gift from Trog
  5393 | D        | Noticed an ironheart preserver
  5399 | D        | Killed a vault warden
  5399 | D        | Received a gift from Trog
  5399 | D        | Reached skill level 27 in Maces & Flails
  5403 | D        | Killed an ironheart preserver
  5407 | D        | Noticed a frost giant
  5416 | D        | Received a gift from Trog
  5421 | D        | Killed a frost giant
  5429 | D        | Received a gift from Trog
  5819 | D        | Noticed Agnes
  5827 | D        | Killed Agnes
  5953 | D        | Noticed Margery
  5964 | D        | Killed Margery
  5964 | D        | Received a gift from Trog
  6411 | D        | Identified the +7 broad axe of Bodily Harmony {chop, rElec} (Trog gifted it to you in the Dungeon)
  6450 | D        | Got the +3 plate armour of Ydeo {Dex+4 Stlth+}
  6542 | D        | Noticed Louise
  6556 | D        | Killed Louise
  6556 | D        | Received a gift from Trog
  6648 | D        | Noticed an emperor scorpion
  6648 | D        | Noticed an emperor scorpion
  6648 | D        | Noticed an emperor scorpion
  6675 | D        | Killed an emperor scorpion
  6684 | D        | Reached skill level 5 in Shields
  6690 | D        | Killed an emperor scorpion
  6709 | D        | Killed an emperor scorpion
  6709 | D        | Reached XP level 15. HP: 97/162 MP: 0/14
  6714 | D        | Killed a ghost moth
  6996 | D        | Received a gift from Trog
  6998 | D        | Reached skill level 10 in Shields
  7082 | D        | Got a gossamer rune of Zot
  7103 | D        | Noticed a nagaraja
  7104 | D        | Noticed a nagaraja
  7107 | D        | Killed a nagaraja
  7110 | D        | Noticed a nagaraja
  7115 | D        | Killed a nagaraja
  7115 | D        | Received a gift from Trog
  7122 | D        | Noticed a nagaraja
  7129 | D        | Noticed a nagaraja
  7131 | D        | Killed a nagaraja
  7139 | D        | Received a gift from Trog
  7148 | D        | Killed a nagaraja
  7153 | D        | Got an encrusted eveningstar {god gift}
  7178 | D        | Killed a nagaraja
  7394 | D        | Identified the +1 eveningstar "Jiupatt" {antimagic, +Fly rN+ SInv} (Trog gifted it to you in the Dungeon)
  7405 | D        | Got a serpentine rune of Zot
  7417 | D        | Received a gift from Trog
  7480 | D        | Received a gift from Trog
  7498 | D        | Got a dazzling morningstar {god gift}
  7499 | D        | Identified the +0 morningstar "Xydethroref" {freeze, rElec} (Trog gifted it to you in the Dungeon)
  7687 | D        | Reached skill level 15 in Shields
  7703 | D        | Got a decaying rune of Zot
  7711 | D        | Noticed Ilsuiw
  7717 | D        | Received a gift from Trog
  7777 | D        | Killed Ilsuiw
  7777 | D        | Received a gift from Trog
  7864 | D        | Got a barnacled rune of Zot
  7992 | D        | Received a gift from Trog
  8063 | D        | Reached XP level 16. HP: 169/177 MP: 15/15
  8102 | D        | Received a gift from Trog
  8217 | D        | Received a gift from Trog
  8308 | D        | Noticed an ancient lich
  8352 | D        | Killed an ancient lich
  8353 | D        | Noticed a shadow dragon
  8369 | D        | Received a gift from Trog
  8386 | D        | Received a gift from Trog
  8454 | D        | Killed a shadow dragon
  8586 | D        | Noticed a shadow dragon
  8601 | D        | Killed a shadow dragon
  8601 | D        | Received a gift from Trog
  8682 | D        | Noticed a tengu reaver
  8697 | D        | Killed a tengu reaver
  8745 | D        | Noticed a shadow dragon
  8745 | D        | Noticed a lich
  8745 | D        | Noticed a shadow dragon
  8745 | D        | Noticed a shadow dragon
  8745 | D        | Noticed a shadow dragon
  8763 | D        | Killed a shadow dragon
  8835 | D        | Noticed a shadow dragon
  8847 | D        | Killed a shadow dragon
  8848 | D        | Noticed an Ice Fiend
  8860 | D        | Killed a shadow dragon
  8860 | D        | Received a gift from Trog
  8864 | D        | Killed a lich
  8912 | D        | Killed a shadow dragon
  8926 | D        | Killed a shadow dragon
  8933 | D        | Got a slimy flail {god gift}
  8934 | D        | Identified the +1 flail of the Walnut {crush, +Inv} (Trog gifted it to you in the Dungeon)
  8975 | D        | Noticed a titan
  8987 | D        | Killed a titan
  8987 | D        | Received a gift from Trog
  9125 | D        | Identified the Handbook of Nocuous Calling
  9128 | D        | Identified Dicvyguho's Almanac of Ashen Stolen Souls
  9130 | D        | Got a silver rune of Zot
  9171 | D        | Noticed Frederick
  9172 | D        | Noticed Mennas
  9198 | D        | Killed Frederick
  9198 | D        | Reached XP level 17. HP: 190/190 MP: 16/16
  9278 | D        | Killed Mennas
  9278 | D        | Reached skill level 27 in Fighting
  9278 | D        | Reached skill level 27 in Armour
  9433 | D        | Noticed Saint Roka
  9440 | D        | Received a gift from Trog
  9454 | D        | Killed Saint Roka
  9526 | D        | Got the ring "Wenarim" {Str+3 Dex+3}
  9700 | D        | Got the ring "Kecevop" {rN+ AC+3 Str+3}
  9705 | D        | Got the amulet of Freedom {RegenMP MR- Str+6 SInv}
  9708 | D        | Got the amulet "Byef Uwn" {Harm *Drain Dex+2}
  9711 | D        | Got the amulet "Weceom" {MR+ Regen+ Str+10 Int-3 Stlth+}
  9721 | D        | Got the +5 demon blade of the Hall of Blades {pain, rElec rN+}
  9730 | D        | Got the +5 great mace of Responsibility {freeze, Fragile +Blink rN+++ Stlth-}
  9884 | D        | Noticed a golden dragon
  9892 | D        | Killed a golden dragon
  9944 | D        | Reached skill level 27 in Dodging
  9964 | D        | Received a gift from Trog
  9964 | D        | Reached skill level 27 in Shields
  9972 | D        | Reached skill level 5 in Evocations
 10041 | D        | Noticed a golden dragon
 10055 | D        | Reached skill level 10 in Evocations
 10062 | D        | Received a gift from Trog
 10074 | D        | Killed a golden dragon
 10110 | D        | Received a gift from Trog
 10277 | D        | Noticed a tentacled monstrosity
 10291 | D        | Reached skill level 15 in Evocations
 10301 | D        | Killed a tentacled monstrosity
 10305 | D        | Received a gift from Trog
 10345 | D        | Received a gift from Trog
 10399 | D        | Got a slimy mace {god gift}
 10400 | D        | Identified the +3 mace of Fimbulwinter {crush, rF+} (Trog gifted it to you in the Dungeon)
 10409 | D        | Noticed a tentacled monstrosity
 10434 | D        | Killed a tentacled monstrosity
 10448 | D        | Received a gift from Trog
 10517 | D        | Reached XP level 18. HP: 192/200 MP: 0/31
 10560 | D        | Received a gift from Trog
 10737 | D        | Received a gift from Trog
 10929 | D        | Noticed an Orb Guardian
 10929 | D        | Noticed an Orb Guardian
 10929 | D        | Noticed an Orb Guardian
 10929 | D        | Noticed an Orb Guardian
 10929 | D        | Noticed an Orb Guardian
 10929 | D        | Noticed an Orb Guardian
 10932 | D        | Noticed an Orb Guardian
 10932 | D        | Killed an Orb Guardian
 10936 | D        | Killed an Orb Guardian
 10937 | D        | Noticed an Orb Guardian
 10944 | D        | Killed an Orb Guardian
 10944 | D        | Received a gift from Trog
 10949 | D        | Killed an Orb Guardian
 10954 | D        | Killed an Orb Guardian
 10967 | D        | Killed an Orb Guardian
 10978 | D        | Killed an Orb Guardian
 10979 | D        | Noticed an Orb Guardian
 10988 | D        | Killed an Orb Guardian
 10996 | D        | Killed an Orb Guardian
 10996 | D        | Received a gift from Trog
 11008 | D        | Noticed an Orb Guardian
 11019 | D        | Killed an Orb Guardian
 11047 | D        | Noticed an Orb Guardian
 11047 | D        | Noticed an Orb Guardian
 11053 | D        | Noticed an Orb Guardian
 11058 | D        | Noticed an Orb Guardian
 11070 | D        | Killed an Orb Guardian
 11070 | D        | Reached skill level 27 in Evocations
 11075 | D        | Killed an Orb Guardian
 11093 | D        | Reached skill level 5 in Spellcasting
 11101 | D        | Killed an Orb Guardian
 11107 | D        | Killed an Orb Guardian
 11113 | D        | Was placed under penance by Trog
 11117 | D        | Learned a level 3 spell: Regeneration
 11254 | D        | Noticed an ancient lich
 11272 | D        | Killed an ancient lich
 11272 | D        | Was forgiven by Trog
 11272 | D        | Received a gift from Trog
 11272 | D        | Reached skill level 5 in Necromancy
 11302 | D        | Noticed an orb of fire
 11323 | D        | Killed an orb of fire
 11362 | D        | Noticed an electric golem
 11371 | D        | Killed an electric golem
 11406 | D        | Noticed an orb of fire
 11407 | D        | Noticed an electric golem
 11431 | D        | Noticed an orb of fire
 11433 | D        | Killed an orb of fire
 11433 | D        | Reached skill level 10 in Necromancy
 11433 | D        | Reached XP level 19. HP: 207/207 MP: 35/35
 11456 | D        | Gained mutation: You are frail. (-10% HP) [an orb of fire]
 11458 | D        | Gained mutation: You are dopey. (Int -2) [an orb of fire]
 11481 | D        | Gained mutation: Your magical capacity is low. (-10% MP) [an orb of fire]
 11484 | D        | Gained mutation: Your body sometimes deteriorates upon taking damage. [an orb of fire]
 11488 | D        | Killed an orb of fire
 11489 | D        | Noticed an orb of fire
 11500 | D        | Killed an electric golem
 11605 | D        | Killed an orb of fire
 11735 | D        | Noticed an ancient lich
 11737 | D        | Noticed an ancient lich
 11738 | D        | Noticed a golden dragon
 11739 | D        | Noticed an orb of fire
 11758 | D        | Killed an ancient lich
 11777 | D        | Killed from afar by an ancient lich

Skill      XL: |  1  2  3  4  5  6  7  8  9 10 11 12 13 14 15 16 17 18 19 |
---------------+----------------------------------------------------------+-----
Maces & Flails | 7 9 10 11 13 15 17 19 21 23 26 27 | 27.0
Fighting       | 5 7 8 10 11 13 14 16 17 19 22 24 26 27 | 27.0
Armour         | 5 6 7 8 10 11 12 14 15 17 19 22 24 26 27 | 27.0
Dodging        | 4 5 6 7 9 10 11 13 14 16 18 20 22 25 27 | 27.0
Shields        | 7 18 24 27 | 27.0
Evocations     | 20 27 | 27.0
Stealth        | 2 16 | 16.7
Spellcasting   | 8 |  8.1
Charms         | 9 |  9.8
Necromancy     | 10 | 10.6

Action                   |  1- 3 |  4- 6 |  7- 9 | 10-12 | 13-15 | 16-18 | 19-21 || total
-------------------------+-------+-------+-------+-------+-------+-------+-------++-------
Melee: Mace              |    16 |     7 |       |       |       |       |       ||    23
       Headbutt          |     2 |     3 |    16 |    57 |   161 |   310 |    33 ||   582
       Morningstar       |       |     8 |    63 |    11 |       |       |       ||    82
       Great mace        |       |       |       |   178 |   188 |       |       ||   366
       Demon whip        |       |       |       |       |   338 |   921 |   106 ||  1365
Throw: Javelin           |       |       |       |       |     3 |       |       ||     3
Invok: Berserk           |     1 |     1 |     3 |     1 |     5 |     4 |     2 ||    17
       Trog's Hand       |       |       |       |     2 |       |       |       ||     2
       Brothers in Arms  |       |       |       |     4 |     9 |    10 |       ||    23
       Burn Spellbooks   |       |       |       |       |       |       |     1 ||     1
Evoke: Wand              |       |       |       |     3 |       |     3 |       ||     6
  Use: Scroll            |       |       |       |       |       |     2 |       ||     2
 Stab: Petrified         |       |       |       |     3 |       |       |       ||     3
       Confused          |       |       |       |       |       |     3 |       ||     3
  Eat: Chunk             |       |       |     4 |     9 |    16 |    14 |     1 ||    44
       Ration            |       |       |       |     1 |     2 |     1 |     1 ||     5
Armor: Animal skin       |     4 |     1 |       |       |       |       |       ||     5
       Chain mail        |       |    10 |    28 |    17 |       |       |       ||    55
       Plate armour      |       |       |       |    53 |   144 |   107 |       ||   304
       Fire dragon scale |       |       |       |       |       |     6 |    39 ||    45
Dodge: Dodged            |    15 |     9 |    40 |    80 |   214 |   162 |    37 ||   557
Block: Large shield      |       |       |       |       |   240 |   450 |    60 ||   750
       Shield            |       |       |       |       |     2 |       |       ||     2
